 Dungeon Crawl Stone Soup version 0.24-a0-201-gf205589 (console) character file.

216 Jenz the Chiller (level 5, -1/37 HPs)
             Began as a Vampire Ice Elementalist on Jan 14, 2019.
             Killed from afar by an orc wizard (2 damage)
             ... with a magic dart
             ... on level 3 of the Dungeon on Mar 22, 2019.
             The game lasted 00:26:33 (5072 turns).

Jenz the Chiller (Vampire Ice Elementalist)         Turns: 5072, Time: 00:26:34

Health: -1/37      AC:  5    Str:  7    XL:     5   Next: 61%
Magic:  9/9        EV: 14    Int: 19    God:
Gold:   111        SH:  0    Dex: 16    Spells: 4/10 levels left

rFire    . . .     SeeInvis +   f - +3 dagger
rCold    + . .     Gourm    +   (no shield)
rNeg     + + .     Faith    .   a - +0 robe
rPois    +         Spirit   .   (no helmet)
rElec    .         Reflect  .   (no cloak)
rCorr    .         Harm     .   e - +2 pair of gloves
MR       .....                  (no boots)
Stlth    ++++......             g - amulet of the gourmand
HPRegen  0.06/turn              b - +2 ring of dexterity
MPRegen  0.11/turn              (no ring)

@: regenerating slowly, slowed, very slow
A: fangs 3, see invisible, unbreathing
a: Bat Form


You were on level 3 of the Dungeon.
You were very thirsty.

You visited 1 branch of the dungeon, and saw 3 of its levels.

You collected 111 gold pieces.

Inventory:

Hand Weapons
 f - a +3 dagger (weapon)
 n - a +1 war axe of flaming
Armour
 a - a +0 robe (worn)
 e - a +2 pair of gloves (worn)
Jewellery
 b - a +2 ring of dexterity (left hand)
 g - an amulet of the gourmand (around neck)
Scrolls
 d - a scroll of teleportation
 k - 2 scrolls of identify
 l - 2 scrolls of remove curse
 m - a scroll of magic mapping
Potions
 c - 7 potions of blood
 h - 4 potions of haste
 i - a potion of flight {unknown}


   Skills:
 + Level 1.3 Fighting
 + Level 0.3 Short Blades
 + Level 1.7 Axes
 + Level 3.2 Dodging
 + Level 3.9 Stealth
 + Level 0.2 Unarmed Combat
 + Level 3.0 Spellcasting
 + Level 0.7 Conjurations
 + Level 0.2 Charms
 + Level 4.0 Ice Magic


You had 4 spell levels left.
You knew the following spells:

 Your Spells              Type           Power        Failure   Level  Hunger
a - Freeze                Ice            ###.         3%          1    None
b - Throw Frost           Conj/Ice       ##....       9%          2    ##.....
c - Ozocubu's Armour      Chrm/Ice       ##......     19%         3    ###....

Your spell library contained the following spells:

 Spells                   Type           Power        Failure   Level  Hunger
 Throw Icicle             Conj/Ice       ##......     50%         4    ####...
 Summon Ice Beast         Ice/Summ       ##......     54%         4    ####...


Dungeon Overview and Level Annotations

Branches:
Dungeon (3/15)

Altars:


Innate Abilities, Weirdness & Mutations

You heal slowly.
You have razor-sharp teeth.
You have supernaturally acute eyesight. (SInv)
You can survive without breathing.


Message History

The orc wizard blinks!
The orc wizard closely misses you. The orc wizard barely misses you.
You hit the orc wizard.
The orc wizard is moderately wounded.
The orc wizard hits you but does no damage.
The orc wizard hits you with a +0 dagger.
* * * LOW HITPOINT WARNING * * *
You hit the orc wizard.
The orc wizard is moderately wounded.
The orc wizard closely misses you. The orc wizard barely misses you.
The orc wizard hits you with a +0 dagger.
* * * LOW HITPOINT WARNING * * *
You barely miss the orc wizard.
The orc wizard is moderately wounded.
The orc wizard is no longer moving quickly.
The orc wizard hits you with a +0 dagger.
* * * LOW HITPOINT WARNING * * *
The orc wizard points at you and mumbles some strange words.
The magic dart hits you.
You die...

.......o.# #...# .....)...# #...#
.o......(# #.... .....###(# #...#
...#o###.#####################.##
.(.o.....(....................>#
####o######.#....###.#########.#
.#.....# # #....#...#.......#.#
.#.#...####.#?†..#.###.#####.#.#
.#.#bo...o.......#÷# #...#.#.#.#
.#.#<#.####.#...@#'#####.#<#.#.#
.#.###..# #.#.##.o..# #.#.#.#.#
.#......###.#[##....# #.....#.#
.##...[..##.#.##....# #.....#.#
.........##.#.##....# #.....#.#
###......##.#.##....# #.....#.#
#...........##....# #.....#.#
#####.#.#.######.## #.....#.#
#.#...# #.# #)#.#.#.# #.#...# #.#
#.#.#.#.# ####'#.g.#
#.#####(..#.#.#


You could see an orc wizard and an orc (wandering).

Vanquished Creatures
  2 orc priests (D:2)
  3 gnolls (D:3)
  5 adders
  An ooze (D:2)
  2 dart slugs (D:1)
  4 leopard geckos
  5 orcs
  9 bats
  5 giant cockroaches
  5 goblins
  7 hobgoblins
  8 kobolds
  A quokka (D:2)
  3 frilled lizards
  10 rats
70 creatures vanquished.

Notes
Turn   | Place    | Note
-------+----------+-------------------------------------------
     0 | D:1      | Jenz the Vampire Ice Elementalist began the quest for the
                  | Orb.
     0 | D:1      | Reached XP level 1. HP: 13/13 MP: 3/3
   199 | D:1      | Reached XP level 2. HP: 7/19 MP: 0/5
   385 | D:1      | Learned a level 2 spell: Throw Frost
   984 | D:1      | Reached XP level 3. HP: 24/24 MP: 6/6
  2027 | D:2      | Reached XP level 4. HP: 26/31 MP: 7/7
  2748 | D:2      | Learned a level 3 spell: Ozocubu's Armour
  2919 | D:2      | Reached skill level 1 in Fighting
  2919 | D:2      | Reached skill level 1 in Axes
  3169 | D:2      | Reached XP level 5. HP: 33/37 MP: 1/8
  4549 | D:3      | Reached skill level 4 in Ice Magic
  4817 | D:3      | Upgraded the game from 0.23-a0-704-g7fdf9c5 to
                  | 0.24-a0-201-gf205589
  5072 | D:3      | HP: 1/37 [orc wizard/+0 dagger (3)]
  5072 | D:3      | Killed from afar by an orc wizard

Levels and vault maps discovered:
D:1:      scummos_arrival_gate, minmay_tiny_reverse_x

Skill      XL: |  1  2  3  4  5 |
---------------+----------------+-----
Fighting       | 1 |  1.3
Axes           | 1 |  1.7
Dodging        | 3 |  3.2
Spellcasting   | 3 |  3.0
Ice Magic      | 4 |  4.0
Short Blades   | |  0.3
Stealth        | |  3.9
Unarmed Combat | |  0.2
Conjurations   | |  0.7
Charms         | |  0.2

Action                   |  1- 3 |  4- 6 || total
-------------------------+-------+-------++-------
Melee: Unarmed           |    42 |       ||    42
       Bite              |     6 |     9 ||    15
       Dagger            |    29 |    48 ||    77
       Whip              |    13 |       ||    13
       War axe           |    33 |    49 ||    82
       Punch             |       |     1 ||     1
 Cast: Freeze            |    12 |    12 ||    24
       Throw Frost       |     1 |     6 ||     7
       Ozocubu's Armour  |       |     3 ||     3
 Abil: End Transformatio |       |     1 ||     1
       Bat Form          |       |     1 ||     1
  Use: Potion            |    12 |     9 ||    21
       Scroll            |     6 |     3 ||     9
 Stab: Sleeping          |     5 |     2 ||     7
Armor: Robe              |    60 |    40 ||   100
Dodge: Dodged            |   126 |    98 ||   224

Table legend:
 A = Non-vault XP
 B = Vault XP
 C = Vault XP percentage of total XP
 D = Non-vault monster count
 E = Vault monster count
 F = Vault count percentage of total count
                 A         B        C        D         E       F
            +---------+---------+-------+---------+---------+-------
      Total |     304 |       5 |   1.6 |      68 |       2 |   2.9
            +---------+---------+-------+---------+---------+-------
        D:1 |      37 |       5 |  11.9 |      21 |       2 |   8.7
        D:2 |     154 |       0 |   0.0 |      24 |       0 |   0.0
        D:3 |     113 |       0 |   0.0 |      23 |       0 |   0.0
            +---------+---------+-------+---------+---------+-------
